 Dungeon Crawl Stone Soup version 0.27.1-33-g824d729ab1 (webtiles) character file.

Game seed: 8193707165543351623

118 pkoi the Ruffian (level 4, 0/36 HPs)
             Began as a Draconian Warper on Dec 27, 2021.
             Was an Initiate of Ru.
             Slain by a gnoll (5 damage)
             ... on level 3 of the Dungeon.
             The game lasted 00:02:28 (2265 turns).

pkoi the Ruffian (Draconian Warper)                 Turns: 2265, Time: 00:02:29

Health: 0/36       AC:  5    Str: 11 (13) XL:     4   Next: 72%
Magic:  7/7        EV: 12    Int: 12 (15) God:    Ru [......]
Gold:   39         SH:  0    Dex:  8 (10) Spells: 7/7 levels left

rFire    . . .     SeeInvis .     - Unarmed
rCold    . . .     Faith    .   (no shield)
rNeg     . . .     Spirit   .   (armour unavailable)
rPois    .         Reflect  .   (helmet restricted)
rElec    .         Harm     .   (no cloak)
rCorr    .         Rampage  .   (no gloves)
Will     .....                  (no boots)
Stlth    +.........             (no amulet)
HPRegen  0.12/turn              (no ring)
MPRegen  0.10/turn              (no ring)

@: no status effects
A: AC +5, unfitting armour, cold-blooded
a: Renounce Religion


You were on level 3 of the Dungeon.
You worshipped Ru.
Ru was noncommittal.
You visited 1 branch of the dungeon, and saw 3 of its levels.

You collected 39 gold pieces.

Inventory:

Hand Weapons
 d - a +0 dagger
 e - a +0 short sword
 j - a +0 whip
 l - a +2 vampiric dagger
Missiles
 b - 5 boomerangs of dispersal (quivered)
Scrolls
 a - a scroll of blinking
 c - a scroll of teleportation {unknown}
 h - a scroll of identify {unknown}
 i - a scroll of enchant armour {unknown}
Potions
 f - a potion of degeneration
 k - a potion of ambrosia


   Skills:
 - Level 2.1 Fighting
 - Level 0.8 Throwing
 - Level 2.1 Dodging
 + Level 5.0 Unarmed Combat
 - Level 2.0 Spellcasting
 - Level 3.0 Translocations


You had 7 spell levels left.
You didn't know any spells.
Your spell library contained the following spells:

 Spells                   Type           Power      Damage    Failure   Level
 Blink                    Tloc           N/A        N/A       12%         2
 Gell's Gravitas          Tloc           4%         N/A       24%         3
 Lesser Beckoning         Tloc           4%         N/A       24%         3
 Teleport Other           Tloc           8%         N/A       24%         3
 Sublimation of Blood     Necr           0%         N/A       38%         2
 Manifold Assault         Tloc           8%         N/A       91%         5
 Petrify                  Tmut/Erth      1%         N/A       95%         4
 Irradiate                Conj/Tmut      0%         3d13      100%        5


Dungeon Overview and Level Annotations

Branches:
Dungeon (2/15)

Altars:
Ru


Innate Abilities, Weirdness & Mutations

Your plain brown scales are hard. (AC +5)
You cannot fit into any form of body armour.
You are cold-blooded and may be slowed by cold attacks.


Message History

The gnoll hits you with a +0 flail!
* * * LOW HITPOINT WARNING * * *
You hit the gnoll.
The gnoll is moderately wounded.
The gnoll barely misses you.
You punch the gnoll!
The gnoll is almost dead.
The gnoll hits you with a +0 flail.
* * * LOW HITPOINT WARNING * * *
You closely miss the gnoll.
The gnoll is almost dead.
The gnoll hits you with a +0 flail.
* * * LOW HITPOINT WARNING * * *
You punch the gnoll!
You kill the gnoll!
You feel your strength returning.
Your Unarmed Combat skill increases to level 5!
You start resting.
A gnoll is nearby!
A gnoll is nearby!
The gnoll shouts!
The gnoll hits you but does no damage.
You hit the gnoll.
The gnoll is heavily wounded.
The gnoll barely misses you.
You closely miss the gnoll. Your punch misses the gnoll.
The gnoll is heavily wounded.
The gnoll hits you but does no damage.
You hit the gnoll.
The gnoll is severely wounded.
The gnoll hits you with a +0 club.
* * * LOW HITPOINT WARNING * * *
You hit the gnoll.
The gnoll is severely wounded.
The gnoll hits you with a +0 club.
* * * LOW HITPOINT WARNING * * *
You hit the gnoll but do no damage.
The gnoll is severely wounded.
The gnoll hits you with a +0 club.
You die...

... #.. #.. #.# #.#
+# #.# .# #)# .#
#.####.##.#####
#..g@..........
#######.....##
#######....###.#
#...............
.....#####.#.####.#
### #.#.# #........
###.##### .#


You could see a gnoll.

Vanquished Creatures
  6 gnolls
  An adder (D:3)
  2 dart slugs (D:2)
  4 bats
  7 endoplasms
  A giant cockroach (D:1)
  8 goblins
  4 hobgoblins
  4 ball pythons
  5 kobolds
  2 rats (D:1)
44 creatures vanquished.

Notes
Turn   | Place    | Note
-------+----------+-------------------------------------------
     0 | D:1      | pkoi the Draconian Warper began the quest for the Orb.
     0 | D:1      | Reached XP level 1. HP: 17/17 MP: 3/3
   363 | D:1      | Reached XP level 2. HP: 12/24 MP: 5/5
   638 | D:1      | Reached skill level 3 in Unarmed Combat
  1180 | D:2      | Found a sacrificial altar of Ru.
  1184 | D:2      | Became a worshipper of Ru the Awakened
  1198 | D:1      | Reached XP level 3. HP: 20/29 MP: 6/6
  1619 | D:2      | Reached skill level 4 in Unarmed Combat
  1862 | D:2      | Reached XP level 4. HP: 36/36 MP: 7/7
  2149 | D:2      | You fall into a shaft and drop 1 floor!
  2232 | D:3      | Reached skill level 5 in Unarmed Combat
  2265 | D:3      | Slain by a gnoll

Illustrated notes

Levels and vault maps discovered:
D:1:      lightli_iron_boxes, layout_loops_ring
D:2:      layout_basic, basic_altar
D:3:      cheibrodos_pilgrimage, layout_loops_corners, serial_glass,
          glass_columns_b, glass_columns_c

Skill      XL: |  1  2  3  4 |
---------------+-------------+-----
Unarmed Combat | 3 4 5 |  5.0
Fighting       | |  2.1
Throwing       | |  0.8
Dodging        | |  2.1
Spellcasting   | |  2.0
Translocations | |  3.0

Action                   |  1- 3 |  4- 6 || total
-------------------------+-------+-------++-------
Melee: Unarmed           |   126 |    35 ||   161
       Tailslap          |    19 |     8 ||    27
       Punch             |     1 |       ||     1
       Dagger            |       |    33 ||    33
  Use: Potion            |       |     3 ||     3
 Stab: Sleeping          |     1 |       ||     1
Armor: Skin              |    41 |    13 ||    54
Dodge: Dodged            |    73 |    32 ||   105
